 Dungeon Crawl Stone Soup version 0.31.0-4-g52a2dc7128 (webtiles) character file.

Game seed: 10263682079788401229

433 Xavori the Slasher (level 7, -1/52 HPs)
             Began as a Djinni Chaos Knight on Jan 22, 2024.
             Was a Plaything of Xom.
             Slain by a mummy (16 damage)
             ... in an ossuary.
             The game lasted 00:03:28 (3435 turns).

Xavori the Slasher (Djinni Chaos Knight)            Turns: 3435, Time: 00:03:28

Health: -1/52      AC:  5    Str: 14    XL:     7   Next: 20%
Gold:   80         EV: 13    Int: 11    God:    Xom [*.....] SH:  0 Dex: 18

rFire   + + +        a - +0 falchion (chaos)
rCold   . . .        s - orb {light}
rNeg    . . .        b - +2 leather armour
rPois   ∞            (helmet restricted)
rElec   .            (no cloak)
rCorr   .            (no gloves)
SInv    +            (boots unavailable)
Will    .....        (no amulet)
Stlth   +            g - ring of protection from cold
HPRegen 0.28/turn    (no ring)
MPRegen 0.00/turn

%: clarity, infuse magic (-2 HP)
@: flying, glowing
A: sickness immunity, fire resistance 3, cold vulnerability 1, float, innate
caster, HP casting, extra vitality 1, antennae 1, see invisible, agile 1,
clarity, strong 1, wild magic 1
a: Renounce Religion


You were in an ossuary.
You worshipped Xom.
You were a special plaything of Xom.
You visited 1 branch of the dungeon, and saw 4 of its levels.
You also visited: Ossuary.

You collected 80 gold pieces.

Inventory:

Hand Weapons
 a - a +0 falchion of chaos (weapon)
Armour
 b - a +2 leather armour (worn)
 s - an orb of light (worn)
Jewellery
 d - a ring of resist corrosion
 g - a ring of protection from cold (left hand)
Wands
 p - a wand of digging (5)
Scrolls
 c - a scroll of butterflies
 e - 2 scrolls of fog {unknown}
 f - a scroll of identify {unknown}
 h - 2 scrolls of noise {unknown}
 l - 2 scrolls of acquirement {unknown}
 o - a scroll of teleportation {unknown}
 t - a scroll of enchant weapon {unknown}
Potions
 i - a potion of enlightenment {unknown}
 j - a potion of ambrosia {unknown}
 k - a potion of curing {unknown}
 m - a potion of brilliance {unknown}
 n - 3 potions of lignification {unknown}
 q - a potion of degeneration {unknown}
 r - a potion of mutation {unknown}


   Skills:
 + Level 4.2 Fighting
 + Level 5.0 Long Blades
 + Level 2.2 Armour
 + Level 3.3 Dodging
 * Level 1.5 Spellcasting
 * Level 1.5 Conjurations
 * Level 1.5 Hexes
 * Level 1.5 Summonings
 * Level 1.5 Necromancy
 * Level 1.5 Translocations
 * Level 1.5 Fire Magic
 * Level 1.5 Ice Magic
 * Level 1.5 Air Magic
 * Level 1.5 Earth Magic
 * Level 1.5 Alchemy


You knew the following spells:

 Your Spells              Type           Power      Damage    Failure   Level
a - Freeze                Ice            20%        1d4       28%         1
b - Call Imp              Summ           10%        N/A       38%         2
c - Momentum Strike       Conj/Tloc      10%        3d8       38%         2
Your spell library was empty.

Dungeon Overview and Level Annotations

Branches:
Dungeon (4/15)            Ossuary (1/1)
 Temple: D:4-7

Altars:


Innate Abilities, Weirdness & Mutations

You are immune to sickness and miasma.
You are immune to poison.
Your flesh is almost immune to the effects of heat. (rF+++)
You are vulnerable to cold. (rC-)
You float through the air rather than walking.
You learn spells naturally, not from books.
Your magical power is your life essence.
You have superior vitality. (+4 MHP)
You have a pair of small antennae on your head.
You have supernaturally acute eyesight. (SInv)
You are agile. (Dex +4, Str/Int -1)
You possess an exceptional clarity of mind.
Your muscles are strong. (Str +4, Int/Dex -1)
Your spells are a little harder to cast, but a little more powerful.


Message History

You barely miss the mummy.
The mummy is heavily damaged.
The mummy misses you.
Unknown command.
Casting: Call Imp (dangerous; 38% risk of failure)
Confirm with . or Enter, or press ? or * to list all spells.
A tiny devil pulls itself out of the air.
The bullfrog simulacrum seems less confused.
Your cerulean imp barely misses the mummy.
There is an open door here.
Unknown command.
The mummy hits you.
Your cerulean imp barely misses the mummy.
You slash the mummy!
The mummy is almost destroyed.
Your cerulean imp hits the mummy with a -4 spear.
You completely miss the mummy.
The mummy is lightly damaged.
The mummy barely misses you.
Your cerulean imp completely misses the mummy.
Your magical contamination has completely faded away.
You slash the mummy!
You destroy the mummy!
Your cerulean imp hits the mummy with a -4 spear.
The mummy hits you!
* * * LOW HITPOINT WARNING * * *
The bullfrog simulacrum barely misses you.
Unknown command.
The bullfrog simulacrum attacks as it pursues you!
The bullfrog simulacrum closely misses you.
Your cerulean imp hits the mummy with a -4 spear.
You hit the bullfrog simulacrum.
The bullfrog simulacrum vaporises!
Your cerulean imp hits the mummy but does no damage.
You hit the mummy.
The mummy is heavily damaged.
Your cerulean imp hits the mummy from afar with a -4 spear.
The mummy hits you!
You die... "It was about time."

########### ######
#.5.#...#?!!!#...#.
#...'.∩.+?!!!#.∩.'.
#.M☼#...#!!??#...#.
#.@.####### #####.
#...# #. ###'# ##
#...# #. #...# #.
#...# #. #...# #.
#'### ## #...# #.


You could see a mummy (ally target) and a friendly cerulean imp (summoned).

Vanquished Creatures
  A weeping skull (Ossuary)
  2 water moccasin zombies (Ossuary)
  A hound (D:4)
  A spectral scorpion (Ossuary)
  A bullfrog simulacrum (Ossuary)
  A crocodile zombie (Ossuary)
  A mummy (Ossuary)
  2 adders (D:3)
  2 gnolls (D:3)
  3 adder zombies (Ossuary)
  3 dart slugs
  2 ribbon worms
  7 ball pythons
  5 endoplasms
  An endoplasm (shapeshifter) (D:3)
  2 giant cockroaches
  2 goblins (D:1)
  5 hobgoblins
  6 jackals
  2 quokkas
  6 bats
  2 frilled lizards
  8 gnoll zombies (Ossuary)
  4 jackal zombies (Ossuary)
  4 kobolds
  An orc zombie (Ossuary)
  6 rats
81 creatures vanquished.

Vanquished Creatures (collateral kills)
  2 gnolls (D:3)
  A gnoll zombie (Ossuary)
3 creatures vanquished.

Vanquished Creatures (others)
  A rat zombie (D:1)
1 creature vanquished.

Grand Total: 85 creatures vanquished

Notes
Turn   | Place    | Note
-------+----------+-------------------------------------------
     0 | D:1      | Xavori the Djinni Chaos Knight began the quest for the Orb.
     0 | D:1      | Reached XP level 1. HP: 20/20 MP: 0/0
    86 | D:1      | Reached XP level 2. HP: 25/25 MP: 0/0
   161 | D:1      | Found a faded altar of an unknown god.
   202 | D:1      | Reached skill level 3 in Long Blades
   344 | D:1      | Reached XP level 3. HP: 30/30 MP: 0/0
   344 | D:1      | Learned a level 1 spell: Freeze
   505 | D:1      | XOM: cloud trail
   534 | D:1      | XOM: give mutations
   534 | D:1      | Gained mutation: You are agile. (Dex +4, Str/Int -1) [Xom's
                  | grace]
   534 | D:1      | Gained mutation: You have a pair of small antennae on your
                  | head. [Xom's grace]
   534 | D:1      | Gained mutation: You have supernaturally acute eyesight.
                  | (SInv) [Xom's grace]
  1510 | D:1      | XOM: give mutations
  1510 | D:1      | Gained mutation: You have hidden genetic potential. [Xom's
                  | grace]
  1510 | D:1      | Gained mutation: You possess an exceptional clarity of
                  | mind. [Xom's grace]
  1510 | D:1      | Gained mutation: Your flesh is almost immune to the effects
                  | of heat. (rF+++) [Xom's grace]
  1620 | D:1      | XOM: summons 2 hostile demons
  1903 | D:2      | Reached XP level 4. HP: 35/35 MP: 0/0
  2151 | D:3      | a bombardier beetle changed into a shapeshifter
  2151 | D:3      | Noticed a shapeshifter (shapeshifter)
  2151 | D:3      | XOM: polymorph bombardier beetle -> shapeshifter
  2151 | D:3      | a shapeshifter changed into a goblin
  2257 | D:3      | Gained mutation: Your muscles are strong. (Str +4, Int/Dex
                  | -1) [hidden potential]
  2681 | D:3      | XOM: cast spell 'Summon Mana Viper'
  2689 | D:3      | Reached XP level 5. HP: 36/40 MP: 0/0
  2689 | D:3      | Learned a level 2 spell: Call Imp
  2707 | D:3      | Reached skill level 1 in Spellcasting
  2707 | D:3      | Reached skill level 1 in Conjurations
  2707 | D:3      | Reached skill level 1 in Hexes
  2707 | D:3      | Reached skill level 1 in Summonings
  2707 | D:3      | Reached skill level 1 in Necromancy
  2707 | D:3      | Reached skill level 1 in Translocations
  2707 | D:3      | Reached skill level 1 in Fire Magic
  2707 | D:3      | Reached skill level 1 in Ice Magic
  2707 | D:3      | Reached skill level 1 in Air Magic
  2707 | D:3      | Reached skill level 1 in Earth Magic
  2707 | D:3      | Reached skill level 1 in Alchemy
  2720 | D:3      | Gained mutation: Your spells are a little harder to cast,
                  | but a little more powerful. [hidden potential]
  2720 | D:3      | Lost mutation: You have hidden genetic potential. [hidden
                  | potential expressed]
  3041 | D:4      | Reached skill level 4 in Long Blades
  3059 | D:4      | Found a sand-covered staircase.
  3068 | Ossuary  | Entered an ossuary
  3093 | Ossuary  | Reached XP level 6. HP: 41/47 MP: 0/0
  3094 | Ossuary  | XOM: smoke on damage
  3098 | Ossuary  | XOM: cast spell 'Metabolic Englaciation'
  3322 | Ossuary  | Reached XP level 7. HP: 36/52 MP: 0/0
  3322 | Ossuary  | Learned a level 2 spell: Momentum Strike
  3404 | Ossuary  | Reached skill level 5 in Long Blades
  3435 | Ossuary  | Slain by a mummy

Illustrated notes

Levels and vault maps discovered:
D:1:      psy_arrival_statuary, layout_loops_ring,
          nicolae_ecumenical_lake_church
D:2:      layout_rooms
D:3:      layout_basic, minmay_misc_feat_tiny
D:4:      layout_basic, lightli_ossuary_entry_decrepit_ruins
Ossuary:  ossuary_tomb_2

Skill      XL: |  1  2  3  4  5  6  7 |
---------------+----------------------+-----
Long Blades    | 3 4 5 |  5.0
Spellcasting   | 1 |  1.5
Conjurations   | 1 |  1.5
Hexes          | 1 |  1.5
Summonings     | 1 |  1.5
Necromancy     | 1 |  1.5
Translocations | 1 |  1.5
Fire Magic     | 1 |  1.5
Ice Magic      | 1 |  1.5
Air Magic      | 1 |  1.5
Earth Magic    | 1 |  1.5
Alchemy        | 1 |  1.5
Dodging        | 3 |  3.3
Armour         | 2 |  2.2
Fighting       | 4 |  4.2

Action                     |  1- 3 |  4- 6 |  7- 9 || total
---------------------------+-------+-------+-------++-------
  Melee: Falchion          |   115 |   149 |    28 ||   292
         Punch             |     1 |     2 |       ||     3
   Cast: Call Imp          |       |     3 |     1 ||     4
    Use: Scroll            |       |     1 |       ||     1
   Stab: Distracted        |     1 |       |       ||     1
         Sleeping          |     2 |       |       ||     2
         Confused          |       |     3 |       ||     3
         Paralysed         |       |     1 |       ||     1
 Armour: Leather armour    |    89 |    73 |    13 ||   175
  Dodge: Dodged            |   112 |    81 |    10 ||   203
